 Dungeon Crawl Stone Soup version 0.30-a0-778-g2ef04afb54 (webtiles) character file.

Game seed: 4691912233016137780

2607 funkygono the Arsonist (level 9, -4/46 HPs)
             Began as a Gargoyle Fire Elementalist on Feb 16, 2023.
             Slain by a gargoyle
             ... wielding a +0 flail
              (13 damage)
             ... in a bailey.
             The game lasted 00:12:27 (7976 turns).

funkygono the Arsonist (Gargoyle Fire Elementalist) Turns: 7976, Time: 00:12:28

Health: -4/46      AC:  9    Str: 15    XL:     9   Next: 59%
Magic:  19/29      EV: 12    Int: 20    God:
Gold:   346        SH:  0    Dex:  8    Spells: 8/23 levels left

rFire   . . .      SeeInvis .    c - +4 flail of the Scorching Blowfly {venom, rN+ Str+3 Dex-2}
rCold   + . .      Faith    .    (no shield)
rNeg    + + .      Spirit   .    a - +1 robe
rPois   ∞          Reflect  .    (no helmet)
rElec   +          Harm     +    w - scarf {harm}
rCorr   .          Rampage  .    (no gloves)
Will    .....                    (no boots)
Stlth   ++                       (no amulet)
HPRegen 0.27/turn                o - ring of magical power
MPRegen 0.21/turn                y - ring of protection from cold

@: no status effects
A: sickness immunity, AC +6, negative energy resistance 1, electricity
resistance, torment resistance 1, petrification resistance
a: no special abilities


You were in a bailey.
You visited 2 branches of the dungeon, and saw 9 of its levels.
You also visited: Bailey.

You collected 346 gold pieces.

Inventory:

Hand Weapons
 c - the +4 flail of the Scorching Blowfly (weapon) {venom, rN+ Str+3 Dex-2}
   (You found it on level 7 of the Dungeon)

   Str:       It affects your strength (+3).
   Dex:       It affects your dexterity (-2).
   rN:        It protects you from negative energy.
 d - a +0 whip
 u - a +2 mace of protection
 A - the +1 hand axe of Mutilation {protect, Will+}
   (You found it on level 6 of the Dungeon)

   Will:      It increases your willpower.
Missiles
 g - 3 throwing nets
Armour
 a - a +1 robe (worn)
 w - a scarf of harm (worn)
Jewellery
 o - a ring of magical power (left hand)
 y - a ring of protection from cold (right hand)
Wands
 p - a wand of charming (16)
 q - a wand of digging (14)
 H - a wand of mindburst (6)
Scrolls
 e - a scroll of identify
 j - 4 scrolls of vulnerability
 k - 2 scrolls of amnesia
 l - 5 scrolls of teleportation
 r - 3 scrolls of enchant armour
 z - 2 scrolls of immolation
Potions
 b - a potion of magic
 f - a potion of cancellation
 h - 10 potions of curing
 m - 2 potions of heal wounds
 n - 2 potions of attraction
 s - a potion of mutation
 v - 2 potions of lignification
 B - 3 potions of might
 D - a potion of resistance


   Skills:
 + Level 0.7 Fighting
 + Level 0.4 Maces & Flails
 + Level 2.6 Dodging
 - Level 2.1 Stealth
 + Level 7.6 Spellcasting
 + Level 6.2 Conjurations
 + Level 8.1 Fire Magic


You had 8 spell levels left.
You knew the following spells:

 Your Spells              Type           Power      Damage    Failure   Level
a - Foxfire               Conj/Fire      100%       2x1d9     1%          1
b - Scorch                Fire           80%        2d9       1%          2
c - Kindle Blastsparks    Fire/Tloc/Air  36%        2d13      9%          3
d - Flame Wave            Conj/Fire      36%        2d10      4%          4
e - Iskenderun's Battles  Conj           32%        2d8       19%         5

Your spell library contained the following spells:

 Spells                   Type           Power      Damage    Failure   Level
 Inner Flame              Hex/Fire       24%        N/A       4%          3
 Ensorcelled Hibernation  Hex/Ice        14%        N/A       14%         2
 Spider Form              Tmut/Pois      7%         N/A       26%         3
 Anguish                  Hex/Necr       3%         N/A       65%         4
 Cause Fear               Hex            3%         N/A       65%         4
 Iron Shot                Conj/Erth      10%        9d3       98%         6
 Spellforged Servitor     Conj/Summ      10%        N/A       100%        7
 Discord                  Hex            3%         N/A       100%        8


Dungeon Overview and Level Annotations

Branches:
Dungeon (8/15)             Temple (1/1) D:5          Bailey (1/1)
   Lair: D:8-11

Altars:
Cheibriados
Dithmenos
Elyvilon
Fedhas
Gozag
Hepliaklqana
Kikubaaqudgha
Makhleb
Okawaru
Qazlal
Ru
Sif Muna
Trog
Wu Jian
Yredelemnul
Zin
The Shining One


Innate Abilities, Weirdness & Mutations

You are immune to sickness and miasma.
Your stone body is resilient. (AC +6)
You are immune to poison.
You resist negative energy. (rN+)
You are resistant to electric shocks. (rElec)
You are resistant to unholy torment.
You are immune to petrification.


Message History

The gargoyle is moderately damaged.
The foxfire hits the gargoyle but does no damage.
The gargoyle is moderately damaged.
Casting: Foxfire (safe; 1% risk of failure)
Confirm with . or Enter, or press ? or * to list all spells.
You conjure some foxfire!
The foxfire hits the gargoyle but does no damage.
The gargoyle is moderately damaged.
The foxfire hits the gargoyle.
The gargoyle is heavily damaged.
Casting: Foxfire (safe; 1% risk of failure)
Confirm with . or Enter, or press ? or * to list all spells.
Flames lash the gargoyle but do no damage.
The foxfire hits the gargoyle but does no damage.
The gargoyle is heavily damaged.
The foxfire hits the gargoyle but does no damage.
The gargoyle is heavily damaged.
The gargoyle hits you with a +0 flail!
Unknown command.
You hit the gargoyle.
The gargoyle is heavily damaged.
The gargoyle completely misses you.
Casting: Scorch (safe; 1% risk of failure)
Confirm with . or Enter, or press ? or * to list all spells.
You conjure some foxfire!
The gargoyle hurls a stone arrow at you.
The stone arrow hits you!!
Ouch! That really hurt!
* * * LOW HITPOINT WARNING * * *
Casting: Foxfire (safe; 1% risk of failure)
Confirm with . or Enter, or press ? or * to list all spells.
Flames lash the gargoyle.
The gargoyle is heavily damaged.
The gargoyle's fire resistance burns away.
The foxfire hits the gargoyle but does no damage.
The gargoyle is heavily damaged.
The foxfire hits the gargoyle but does no damage.
The gargoyle is heavily damaged.
The gargoyle hits you with a +0 flail!
You die...

...# ...# ########
...# #8.....##
##...+
#.......####....
#........#...#
##...♣♣......#
#...♣....9..#
#...♣♣...@..#
#....)♣..§..#
##.♣........####+#
#.♣...........).#
+...♣♣.....♣....#
###.......♣......##
#.....)..♣.♣.....#
#................#
#.).#..#........##


You could see a gargoyle (combustible).

Vanquished Creatures
  Sigmund (D:2)
  A shadow (D:7)
  2 black bears (D:6)
  3 sky beasts
  A centaur (D:6)
  2 phantoms (D:5)
  2 bullfrogs
  A gnoll sergeant (D:7)
  5 scorpions
  4 wights (D:7)
  5 killer bees (D:8)
  2 centaur zombies (D:6)
  A hound (D:7)
  A jelly (D:3)
  4 orc priests
  Jessica (D:2)
  An iguana (D:6)
  3 orc wizards
  13 gnolls
  7 adders
  A shadow imp (D:6)
  2 white imps
  2 ufetubi
  4 worms
  2 dart slugs
  23 orcs
  8 endoplasms
  8 goblins
  6 hobgoblins
  4 jackals (D:2)
  5 ball pythons
  4 bats
  4 frilled lizards
  4 kobolds (D:1)
  4 orc zombies (Bailey)
  3 rats
144 creatures vanquished.

Vanquished Creatures (others)
  489 foxfires
489 creatures vanquished.

Grand Total: 633 creatures vanquished

Notes
Turn   | Place    | Note
-------+----------+-------------------------------------------
     0 | D:1      | funkygono the Gargoyle Fire Elementalist began the quest
                  | for the Orb.
     0 | D:1      | Reached XP level 1. HP: 10/10 MP: 3/3
   272 | D:1      | Reached XP level 2. HP: 15/15 MP: 0/5
   275 | D:1      | Learned a level 2 spell: Scorch
   452 | D:1      | You fall into a shaft and drop 1 floor!
   774 | D:2      | Noticed Jessica
   794 | D:2      | Killed Jessica
   795 | D:2      | Reached XP level 3. HP: 20/20 MP: 0/6
  1349 | D:2      | Reached XP level 4. HP: 24/24 MP: 0/8
  1960 | D:2      | Noticed Sigmund
  2002 | D:2      | Killed Sigmund
  2003 | D:2      | Reached skill level 4 in Fire Magic
  2003 | D:2      | Reached XP level 5. HP: 11/28 MP: 0/10
  2003 | D:2      | Reached XP level 6. HP: 13/33 MP: 0/11
  2087 | D:2      | Learned a level 4 spell: Flame Wave
  2091 | D:2      | Learned a level 3 spell: Kindle Blastsparks
  2442 | D:3      | Identified the +1 chain mail of the Elephant {*Slow Int+4}
  3152 | D:3      | Reached skill level 5 in Fire Magic
  4008 | D:5      | Entered Level 5 of the Dungeon
  4008 | D:5      | Found a staircase to the Ecumenical Temple.
  4019 | Temple   | Entered the Ecumenical Temple
  4019 | Temple   | Found a transporter.
  4019 | Temple   | Found a transporter.
  4021 | Temple   | Found a transporter.
  4021 | Temple   | Found a transporter.
  4079 | D:5      | Reached XP level 7. HP: 37/37 MP: 13/13
  5038 | D:6      | Identified the +1 hand axe of Mutilation {protect, Will+}
  5186 | D:6      | Reached skill level 5 in Spellcasting
  5308 | D:6      | Reached skill level 6 in Fire Magic
  5308 | D:6      | Reached XP level 8. HP: 42/42 MP: 16/16
  5662 | D:6      | Reached skill level 5 in Conjurations
  5971 | D:6      | Found a basalt altar of Yredelemnul.
  6088 | D:7      | Reached skill level 7 in Fire Magic
  6390 | D:7      | Reached XP level 9. HP: 31/46 MP: 18/18
  6837 | D:7      | Found a glowing silver altar of Zin.
  6936 | D:7      | Identified the +4 flail of the Scorching Blowfly {venom,
                  | rN+ Str+3 Dex-2}
  7025 | D:7      | Found a bloodstained altar of Trog.
  7213 | D:7      | Found a snail-covered altar of Cheibriados.
  7493 | D:7      | Learned a level 5 spell: Iskenderun's Battlesphere
  7597 | D:8      | Reached skill level 8 in Fire Magic
  7844 | D:8      | Found a flagged portal.
  7856 | Bailey   | Entered a bailey
  7963 | Bailey   | Noticed a gargoyle
  7976 | Bailey   | Slain by a gargoyle

Illustrated notes

Levels and vault maps discovered:
D:1:      dpeg_arrival_arbitrary_b, layout_basic
D:2:      layout_basic, nicolae_titane, uniq_sigmund, uniq_jessica
D:3:      layout_basic, minmay_tree_intersection
D:4:      wander_river, layout_basic
D:5:      layout_basic, minmay_temple_entry_offerings, lemuel_flamethrower_2
D:6:      layout_basic, lemuel_zombie_altar_yredelemnul,
          hangedman_minor_gate_pass
D:7:      layout_basic, mainiacjoe_overflow_alcove_4, zin_statuary,
          lemuel_round_altar, st_stairs_6
D:8:      layout_basic, cheibrodos_ashenzari_chains, marbit_many_paths,
          enter_bailey_5, serial_shops, nicolae_diamond_shop,
          grunt_ministairs_1, minmay_ruffians
Temple:   hellmonk_temple_divided_pantheon
Bailey:   bailey_polearm_vampire_castle_hellmonk, bailey

Skill      XL: |  1  2  3  4  5  6  7  8  9 |
---------------+----------------------------+-----
Conjurations   | 3 4 5 6 |  6.2
Spellcasting   | 3 4 5 6 7 |  7.6
Dodging        | 2 |  2.6
Fire Magic     | 4 5 6 7 8 |  8.1
Fighting       | |  0.7
Maces & Flails | |  0.4
Stealth        | |  2.1

Action                     |  1- 3 |  4- 6 |  7- 9 || total
---------------------------+-------+-------+-------++-------
  Melee: Whip              |     3 |     4 |       ||     7
         Mace              |       |       |     6 ||     6
         Flail             |       |       |     9 ||     9
   Cast: Foxfire           |    53 |    91 |   150 ||   294
         Scorch            |     2 |    14 |    29 ||    45
         Flame Wave        |       |       |     4 ||     4
    Use: Scroll            |       |       |    23 ||    23
 Armour: Robe              |     5 |     2 |    36 ||    43
  Dodge: Dodged            |    11 |    12 |    51 ||    74

Table legend: (Time is in decaauts)
 A = Elapsed time spent in this place.
 B = Non-inter-level travel time spent in this place.
 C = Inter-level travel time spent in this place.
 D = Time resting spent in this place.
 E = Time spent auto-exploring this place.
 F = Levels seen in this place.
 G = Mean time per level.
                   A        B        C        D        E       F      G
               +--------+--------+--------+--------+--------+-----+--------+
         Total |   7996 |   7827 |    169 |    200 |   6567 |  10 |  799.6 |
       Dungeon |   7839 |   7670 |    169 |    200 |   6527 |   8 |  979.9 |
        Temple |     36 |     36 |      0 |      0 |      6 |   1 |   36.0 |
        Bailey |    119 |    119 |      0 |      0 |     34 |   1 |  119.0 |
               +--------+--------+--------+--------+--------+-----+--------+

Top non-repeatable levels by time:
     D:2: 1640 daAuts
     D:7: 1498 daAuts
     D:6: 1035 daAuts
     D:5: 991 daAuts
     D:3: 876 daAuts
     D:1: 795 daAuts
     D:4: 712 daAuts
     D:8: 290 daAuts
  Bailey: 119 daAuts
  Temple: 36 daAuts
